 Dungeon Crawl Stone Soup version 0.19.0-18-g426998a (console) character file.

49 2d6 the Sneak (level 3, -1/31 HPs)
             Began as a Naga Wanderer on Nov 11, 2016.
             Slain by an adder (4 damage)
             ... on level 2 of the Dungeon.
             The game lasted 00:05:44 (1285 turns).

2d6 the Sneak (Naga Wanderer)                       Turns: 1285, Time: 00:05:45

Health: -1/31      AC:  7    Str: 21    XL:     3   Next: 77%
Magic:  5/5        EV:  7    Int: 16    God:
Gold:   45         SH:  0    Dex: 10    Spells: 0 memorised, 5 levels left

rFire  . . .     SeeInvis +     o - +0 halberd
rCold  . . .     Gourm    .     a - +2 scale mail
rNeg   . . .     Faith    .     (shield currently unavailable)
rPois  +         Spirit   .     (no helmet)
rElec  .         Reflect  .     j - +0 cloak
rCorr  .         Harm     .     (no gloves)
MR     .....                    (no barding)
Stlth  +.........               (no amulet)
                                (no ring)
                                (no ring)

@: mighty, brilliant, lethally poisoned (-1 -> -4), short of breath, flying,
very slow
A: see invisible, deformed body, poison resistance, slowness 2, slow metabolism
1, spit poison 1, AC +1
a: Spit Poison


You were on level 2 of the Dungeon.
You were not hungry.

You visited 1 branch of the dungeon, and saw 2 of its levels.

You collected 45 gold pieces.

Inventory:

Hand Weapons
 b - a +0 hand axe
 d - a +0 blowgun
 o - a +0 halberd (weapon)
Missiles
 c - 9 poisoned needles
 h - 65 stones (quivered)
Armour
 a - a +2 scale mail (worn)
 j - a +0 cloak (worn)
Scrolls
 e - 2 scrolls of identify {unknown}
 g - a scroll of remove curse {unknown}
 k - a scroll of enchant armour {unknown}
 m - a scroll of recharging {unknown}
 p - a scroll of teleportation {unknown}
Potions
 l - a potion of brilliance
 n - a potion of might
Comestibles
 f - 2 bread rations
 q - a chunk of flesh


   Skills:
 + Level 1.5 Fighting
   Level 1.0 Bows
 - Level 1.4 Throwing
 + Level 1.4 Armour
 + Level 2.7 Stealth
 + Level 1.6 Spellcasting
   Level 2.0 Conjurations
   Level 2.6 Poison Magic
   Level 1.0 Evocations


You had 5 spell levels left.
You didn't know any spells.

Dungeon Overview and Level Annotations

Branches:
Dungeon (2/15)

Altars:


Innate Abilities, Weirdness & Mutations

You cannot wear boots.
Your serpentine skin is tough. (AC +1)
You have supernaturally acute eyesight. (SInv)
Armour fits poorly on your strangely shaped body.
Your system is resistant to poisons. (rPois)
You cover ground very slowly.
You have a slow metabolism.
You can spit poison.


Message History

You have got your breath back.
Press: ? - help, Shift-Dir - straight line, f/p - adder
Aim: an adder (moderately wounded)
The splash of poison misses the adder.
You feel slightly more hungry. The adder bites you.
* * * LOW HITPOINT WARNING * * *
You are lethally poisoned!
The adder poisons you! The adder barely misses you.
It was a potion of brilliance.
You feel clever all of a sudden.
* * * LOW HITPOINT WARNING * * *
You feel sick. The adder completely misses you.
It was a potion of might.
You feel very mighty all of a sudden. The adder barely misses you.
It was a potion of flight.
You feel very buoyant.
You fly up into the air.
The adder bites you but does no damage. The adder bites you.
You die...

#.# #.# #.# #.# #.# #.#
..############.########
....(.....<...S@....$.#
..........##.#.######.#
...###.##.##$#..# #.
#.##.##.# .. .....# .#
##. ....%. .# #.##.#...
.# #. #.#... <# ..
..#!..#


You could see an adder.

Vanquished Creatures
  A gnoll (D:1)
  2 oozes (D:1)
  A dart slug (D:1)
  A bat (D:1)
  3 giant cockroaches (D:1)
  5 goblins (D:1)
  3 hobgoblins (D:1)
  2 frilled lizards (D:1)
  6 kobolds (D:1)
  5 rats (D:1)
29 creatures vanquished.

Vanquished Creatures (others)
  A plant (D:1)
1 creature vanquished.

Grand Total: 30 creatures vanquished

Notes
Turn   | Place    | Note
-------+----------+-------------------------------------------
     0 | D:1      | 2d6 the Naga Wanderer began the quest for the Orb.
     0 | D:1      | 2d6 set off with: a +2 scale mail, a +0 hand axe, 9 poisoned needles, a +0 blowgun, a bread ration
     0 | D:1      | Reached XP level 1. HP: 18/18 MP: 2/2
    80 | D:1      | Reached XP level 2. HP: 14/25 MP: 3/3
   238 | D:1      | Reached skill level 1 in Stealth
   370 | D:1      | Reached XP level 3. HP: 20/31 MP: 5/5
  1285 | D:2      | Slain by an adder

Skill      XL: |  1  2  3 |
---------------+----------+-----
Stealth        | 1 2 |  2.7
Fighting       | |  1.5
Bows           | |  1.0
Throwing       | |  1.4
Armour         | |  1.4
Spellcasting   | |  1.6
Conjurations   | |  2.0
Poison Magic   | |  2.6
Evocations     | |  1.0

Action                   || total
-------------------------++-------
Melee: Hand axe          ||    72
       Halberd           ||    47
 Abil: Spit Poison       ||     3
  Use: Potion            ||     3
  Eat: Chunk             ||     1
Armor: Scale mail        ||    71
Dodge: Dodged            ||    60
